[Event "Late-Titled-Tuesday-Blitz-June-18-2024"]
[Site "Chess.com"]
[Date "2024.06.18"]
[Round "9"]
[White "aranibos"]
[Black "JEHUBNER"]
[Result "1-0"]
[WhiteElo "2265"]
[BlackElo "2094"]
[TimeControl "180+1"]
[EndTime "15:45:38 PDT"]
[Termination "aranibos won by resignation"]

1. e4 c5 2. Nf3 Nc6 3. Bb5 g6 4. O-O Bg7 5. Re1 Nf6 6. Nc3 O-O 7. h3 a6 8. Bf1 d5 9. e5 Nd7 10. e6 fxe6 11. Ng5 Nb6 12. Nxe6 Bxe6 13. Rxe6 Nd4 14.
Re1 e5 15. d3 Qf6 16. Be3 Nd7 17. Nxd5 Qd6 18. Nc3 Nf6 19. Ne4 Nxe4 20. dxe4 Qb6 21. c3 Ne6 22. Bc4 Kh8 23. b4 Qc6 24. Bxe6 Qxe6 25.
Bxc5 Rf7 26. Qd6 Qxd6 27. Bxd6 Rd8 28. Bc5 Rd2 29. a4 h6 30. Be3 Rc2 31. Rac1 Ra2 32. a5 Rc7 33. Red1 Ra3 34. Bc5 Kh7 35. Rd8 Ra2 36. f3 Rb2 37. Rcd1 Rc2 38. R1d7 Rxd7 39. Rxd7 Kg8 40. Rxb7 Rxc3 41. Rb6 Bf6 42. Rxf6 1-0

[Event "Late-Titled-Tuesday-Blitz-June-18-2024"]
[Site "Chess.com"]
[Date "2024.06.18"]
[Round "9"]
[White "scandalgod"]
[Black "alexrustemov"]
[Result "0-1"]
[WhiteElo "2623"]
[BlackElo "2850"]
[TimeControl "180+1"]
[EndTime "15:45:39 PDT"]
[Termination "alexrustemov won on time"]

1. d4 g6 2. c4 Bg7 3. Nc3 c5 4.
d5 Bxc3+ 5. bxc3 f5 6. h4 Nf6 7.
h5 Rg8 8. hxg6 hxg6 9. Nf3 Qa5 10. Bd2 d6 11. e3 Nbd7 12. Bd3 Nb6 13. Ng5 Bd7 14.
f3 O-O-O 15. Kf2 Rh8 16. a4 Rdf8 17. Be2 Kb8 18. Qb1 Na8 19. Bd3 Nc7 20. Rxh8 Rxh8 21. e4 Qa6 22. a5 fxe4 23. Nxe4 Nxe4+ 24. fxe4 e5 25. Kg1 Ne8 26. Bg5 Rf8 27. Qe1 Kc7 28. Qh4 Rf7 29. Qh8 Kc8 30. Qg8 Rg7 31. Qf8 Rh7 32.
Be2 b6 33. Bg4 Bxg4 34. Qxe8+ Kb7 35. Qc6+ Kb8 36. Rf1 Qb7 37. Rf8+ Bc8 38. Qxd6+ Qc7 39. Qf6 Kb7 40. Be3 Qd7 41. Bf2 g5 42. Bg3 Qe7 0-1

[Event "Late-Titled-Tuesday-Blitz-June-18-2024"]
[Site "Chess.com"]
[Date "2024.06.18"]
[Round "9"]
[White "Hirna2005"]
[Black "Inepton_Fermion"]
[Result "1-0"]
[WhiteElo "2295"]
[BlackElo "2388"]
[TimeControl "180+1"]
[EndTime "15:45:39 PDT"]
[Termination "Hirna2005 won on time"]

1. e4 c5 2. c3 d5 3. exd5 Qxd5 4. Nf3 Nf6 5. d4 e6 6. Be3 cxd4 7. cxd4 Bb4+ 8. Nc3 Qa5 9. Qc2 Nc6 10. Bd3 Nd5 11. Bd2 h6 12. O-O Nxc3 13. bxc3 Bd6 14. Rfe1 O-O 15.
a3 b6 16. c4 Qh5 17. Be4 Bb7 18. h3 Rac8 19. Qd3 f5 20. Bxc6 Bxc6 21. Rxe6 Bxf3 22. Rxd6 Be4 23. Qg3 Kh7 24. Rc1 Rfd8 25. c5 Rxd6 26. Qxd6 Qe2 27. Be3 Qd3 28. c6 Qb5 29. c7 Qd5 30. Qe7 Kg8 31. f3 Bd3 32. Kh2 Ba6 33.
Bf4 Qf7 34. Qd8+ Kh7 35. Qd6 g5 36. Be5 f4 37. Qc6 Bd3 38. Qb7 Bf5 39. Qxa7 Qa2 40.
Qxb6 Qf2 41. Qf6 Qg3+ 42. Kg1 Qe1+ 43. Rxe1 1-0

[Event "Late-Titled-Tuesday-Blitz-June-18-2024"]
[Site "Chess.com"]
[Date "2024.06.18"]
[Round "9"]
[White "teresin05"]
[Black "CheckBits"]
[Result "1-0"]
[WhiteElo "2289"]
[BlackElo "2387"]
[TimeControl "180+1"]
[EndTime "15:45:39 PDT"]
[Termination "teresin05 won on time"]

1. e4 e5 2. Nf3 Nc6 3. d4 exd4 4. Nxd4 Nf6 5. Nxc6 bxc6 6. e5 Qe7 7. Qe2 Nd5 8. c4 Nb6 9. g3 g6 10. b3 Bg7 11.
Bb2 O-O 12. Bg2 Bb7 13. O-O d6 14. f4 dxe5 15. fxe5 Rfe8 16. Re1 Nd7 17. Nd2 Bxe5 18. Nf3 Qc5+ 19. Kh1 Bxb2 20. Qxb2 Nf8 21. Qf6 Qf5 22. Qxf5 gxf5 23. Nd4 Rad8 24. Nxf5 Ne6 25. Rad1 a5 26. Rf1 a4 27. Nh6+ Kg7 28. Rxd8 Rxd8 29. Nxf7 axb3 30. axb3 Rd3 31. Ne5 Rxb3 32. Nxc6 Bxc6 33. Bxc6 Rc3 34. Bd5 Nd4 35. Rf7+ Kg6 36. Rxc7 Rc2 37. Be4+ 1-0

[Event "Late-Titled-Tuesday-Blitz-June-18-2024"]
[Site "Chess.com"]
[Date "2024.06.18"]
[Round "9"]
[White "cakeuvdort"]
[Black "Chessdemon2019"]
[Result "0-1"]
[WhiteElo "2304"]
[BlackElo "2388"]
[TimeControl "180+1"]
[EndTime "15:45:39 PDT"]
[Termination "Chessdemon2019 won on time"]

1. Nf3 g6 2. e3 Bg7 3. d4 h5 4. b3 Nh6 5. Bb2 O-O 6. Bd3 d6 7. O-O c5 8. Nbd2 Nc6 9. c4 Bf5 10. Qc2 Nb4 11. Bxf5 Nxc2 12. Bxc2 a6 13. a4 Qd7 14. a5 d5 15. Rfd1 cxd4 16. Bxd4 dxc4 17.
Nxc4 Bxd4 18. Rxd4 Qc7 19. Rf4 Rad8 20. h3 Rd5 21.
Be4 Rb5 22. Nd4 Rb4 23. Rf3 e5 24. Ne2 Rxb3 25. Nb6 Rb2 26. Nd5 Qd6 27. Nf6+ Kg7 28. Ng3 h4 29. Nf1 Ng8 30. Nxg8 Kxg8 0-1

[Event "Late-Titled-Tuesday-Blitz-June-18-2024"]
[Site "Chess.com"]
[Date "2024.06.18"]
[Round "9"]
[White "Jahonas"]
[Black "Slovineanu"]
[Result "0-1"]
[WhiteElo "2405"]
[BlackElo "2557"]
[TimeControl "180+1"]
[EndTime "15:45:42 PDT"]
[Termination "Slovineanu won by resignation"]

1. d4 Nf6 2. c4 e6 3. Nf3 d5 4. cxd5 exd5 5. Nc3 c6 6. Bg5 Bf5 7. e3 Nbd7 8. Bd3 Bxd3 9. Qxd3 Bd6 10. O-O O-O 11.
Rfe1 Re8 12. e4 dxe4 13. Nxe4 Be7 14. Bf4 Nd5 15. Bg3 N7f6 16. Ne5 h6 17. Nc3 Bd6 18. Qf5 Bb4 19. Nxd5 Qxd5 20. Red1 Rad8 21. a3 Bd6 22. h3 Ne4 23. Qf3 Nxg3 24. Qxd5 Ne2+ 25. Kf1 cxd5 26. Kxe2 f6 27. f4 fxe5 28. fxe5 Bc7 29. Rac1 Bb6 30. Kd3 Rc8 31. b4 Kf7 32. a4 a6 33. a5 Ba7 34. Rf1+ Ke6 35. Rb1 Rc4 36. Rf4 Rec8 37. b5 Rc3+ 38. Ke2 Rc2+ 39. Kf3 R8c3+ 40. Kg4 Rxg2+ 41. Kh5 Rxh3+ 42. Rh4 g6+ 43. Kxh6 Rxh4+ 44. Kg7 Bxd4 45. bxa6 bxa6 46. Rb2 0-1

[Event "Late-Titled-Tuesday-Blitz-June-18-2024"]
[Site "Chess.com"]
[Date "2024.06.18"]
[Round "9"]
[White "JG1me"]
[Black "KaydenTroffChess"]
[Result "0-1"]
[WhiteElo "2571"]
[BlackElo "2809"]
[TimeControl "180+1"]
[EndTime "15:45:44 PDT"]
[Termination "KaydenTroffChess won by resignation"]

1. e4 c5 2. Nf3 g6 3. d4 cxd4 4. Nxd4 Bg7 5. Be3 Nf6 6. Nc3 Nc6 7. Be2 O-O 8. O-O d5 9. exd5 Nxd5 10. Nxc6 bxc6 11. Bd4 Nxc3 12. bxc3 Be6 13. Bf3 Bd5 14. Re1 e6 15. Qd3 Bxf3 16. Bxg7 Qxd3 17. cxd3 Kxg7 18. gxf3 Rfd8 19. d4 Rd5 20. Rab1 Ra5 21. Rb7 Rxa2 22. Rxe6 c5 23. Ree7 Rf8 24. Rxa7 Rc2 25. dxc5 Rxc3 26. Rec7 Rxf3 27. Kg2 Rf6 28. c6 Re8 29. Ra2 Re5 30.
Rc2 Rg5+ 31. Kf1 Rff5 32. Rc8 Rc5 33. Rxc5 Rxc5 34. Kg2 h5 35. Kf3 Rc2 36. Kg3 Kf6 37. h4 Kf5 38. f3 f6 39. c7 Rc3 40. Kg2 Rc4 41. Kg3 Rc2 42. Kh3 Rc1 43. Kg3 Ke6 44.
Re8+ Kd7 45. Rf8 Kxc7 46. Rxf6 Kd7 47. Rxg6 Rg1+ 48. Kf4 Rxg6 49. Kf5 Rg3 50. f4 Ke7 51. Ke5 Kf7 52. Kf5 Rg4 53. Ke5 Rxh4 54. f5 0-1

[Event "Late-Titled-Tuesday-Blitz-June-18-2024"]
[Site "Chess.com"]
[Date "2024.06.18"]
[Round "9"]
[White "MathiasWomacka"]
[Black "Dhaydon19"]
[Result "0-1"]
[WhiteElo "2530"]
[BlackElo "2660"]
[TimeControl "180+1"]
[EndTime "15:45:44 PDT"]
[Termination "Dhaydon19 won on time"]

1. e4 Nf6 2. e5 Nd5 3. d4 d6 4. Nf3 Bg4 5. Be2 e6 6. O-O Be7 7. h3 Bh5 8. c4 Nb6 9. Nc3 O-O 10. Be3 Nc6 11. exd6 cxd6 12. d5 Na5 13. b3 Bf6 14. Rc1 Rc8 15. dxe6 fxe6 16. Nb5 d5 17. Nxa7 Ra8 18. Nb5 dxc4 19. Qxd8 Bxd8 20. bxc4 Bxf3 21. Bxf3 Naxc4 22. Bxb7 Rxa2 23. Bc5 Rf5 24. Nc3 Ra7 25. Bxb6 Bxb6 26. Be4 Re5 27. Bd3 Nb2 28.
Bb1 Rf7 29. Rc2 Nc4 30. Ba2 Ne3 31. Re2 Nxf1 32. Rxe5 Bxf2+ 33. Kh1 Ng3+ 34. Kh2 Nf1+ 35. Kh1 g6 36. Rxe6 Kg7 37. Ne4 Ng3+ 38. Nxg3 Bxg3 39. Kg1 Ra7 40. Re2 Rc7 0-1

[Event "Late-Titled-Tuesday-Blitz-June-18-2024"]
[Site "Chess.com"]
[Date "2024.06.18"]
[Round "9"]
[White "karinachess1"]
[Black "SHIVACalypso"]
[Result "1/2-1/2"]
[WhiteElo "2670"]
[BlackElo "2562"]
[TimeControl "180+1"]
[EndTime "15:45:45 PDT"]
[Termination "Game drawn by repetition"]

1. d4 e6 2. c4 Nf6 3. Nc3 Bb4 4. a3 Bxc3+ 5. bxc3 c5 6. f3 O-O 7. e4 d5 8. e5 Nfd7 9. Be3 Nc6 10. Nh3 cxd4 11.
cxd4 Qa5+ 12. Kf2 f6 13. Nf4 fxe5 14. Nxe6 exd4 15. Nxd4 Nde5 16. h3 Nxc4 17. Nxc6 bxc6 18. Bxc4 dxc4 19. Qd4 Ba6 20. Rhd1 Rad8 21. Qxa7 c3 22. Bb6 Ra8 23. Bxa5 Rxa7 24. Bxc3 Bc4 25. Bb4 Re8 26. Rd2 Bd5 27. Rc1 Kf7 28. Rd4 Re6 29. Rc3 Ra8 30. g4 Rae8 31. Rd2 g5 32. Kg3 Kg6 33.
h4 Re3 34. Rxe3 Rxe3 35. h5+ Kf6 36. Rf2 Rd3 37. Bc5 Ke6 38. Bb4 Kf6 39. Bc5 Ke6 40. Bb4 Kf6 1/2-1/2

[Event "Late-Titled-Tuesday-Blitz-June-18-2024"]
[Site "Chess.com"]
[Date "2024.06.18"]
[Round "9"]
[White "Kavyev_Ruslan"]
[Black "marvinguevara"]
[Result "1-0"]
[WhiteElo "2386"]
[BlackElo "2170"]
[TimeControl "180+1"]
[EndTime "15:45:45 PDT"]
[Termination "Kavyev_Ruslan won on time"]

1. d4 Nf6 2. Nf3 d6 3. g3 g6 4. Bg2 Bg7 5. c4 O-O 6. Nc3 Nbd7 7. O-O Re8 8. b3 e5 9. e4 exd4 10. Nxd4 a5 11. h3 Nc5 12. Re1 Bd7 13. f3 Nh5 14. Kh2 Ne6 15. Be3 Nxd4 16. Bxd4 Qg5 17. g4 Be5+ 18. Kg1 Nf4 19. Bxe5 Rxe5 20. Nd5 Nxd5 21.
cxd5 Qf4 22. Qc1 Qg3 23. Qxc7 Bc8 24. Qxd6 h5 25. Rf1 Qf4 26. Rac1 Qe3+ 27. Kh1 Re8 28. Rc7 h4 29. Qf6 Rf8 30. e5 b6 31. e6 Qd3 32.
Rxf7 Rxf7 33. Qxf7+ Kh8 34. e7 Bd7 35. Qf8+ Kh7 36.
Qxa8 Qe2 37. Qf8 a4 38. bxa4 Bxa4 39. d6 Bd7 40. Qd8 Bb5 41. d7 1-0

[Event "Late-Titled-Tuesday-Blitz-June-18-2024"]
[Site "Chess.com"]
[Date "2024.06.18"]
[Round "9"]
[White "EliteChess0967"]
[Black "tortorchess"]
[Result "1-0"]
[WhiteElo "2390"]
[BlackElo "2219"]
[TimeControl "180+1"]
[EndTime "15:45:45 PDT"]
[Termination "EliteChess0967 won on time"]

1. d4 d5 2. Nf3 Nf6 3. g3 e6 4. Bg2 c5 5. O-O Nc6 6. c4 Be7 7. cxd5 exd5 8. Nc3 O-O 9. dxc5 Bxc5 10. Bg5 d4 11.
Bxf6 Qxf6 12. Ne4 Qe7 13. Nxc5 Qxc5 14. Qd2 Be6 15. Rfd1 Rfd8 16. Rac1 Qb6 17. b3 h6 18. Qf4 Rac8 19. Ne5 a6 20. Nxc6 bxc6 21. Rc2 c5 22. Rdc1 a5 23. Qe5 f6 24. Qh5 Bf7 25. Qf5 Be6 26.
Qf4 Rd7 27. Be4 Rdc7 28. Bd3 Qb7 29. Bc4 Bxc4 30. Rxc4 Qd5 31. Qd2 Kf7 32. Qxa5 Qe5 33. Qd2 Re8 34. R1c2 g5 35. b4 d3 36. Qxd3 Rd7 37.
Qxd7+ Kg6 38. Rxc5 Qa1+ 39. Kg2 Qb1 40. Qd3+ Kg7 41.
Rc7+ Kf8 42. Rc8 Qxb4 43. Rxe8+ Kxe8 44. Rc8+ Ke7 45. Rc7+ Ke6 46. Rc6+ Ke7 47. Qd5 1-0

[Event "Late-Titled-Tuesday-Blitz-June-18-2024"]
[Site "Chess.com"]
[Date "2024.06.18"]
[Round "9"]
[White "Maus7"]
[Black "Bob_2004"]
[Result "1-0"]
[WhiteElo "2634"]
[BlackElo "2735"]
[TimeControl "180+1"]
[EndTime "15:45:46 PDT"]
[Termination "Maus7 won by resignation"]

1. e4 c5 2. Nf3 Nf6 3. Nc3 d5 4. exd5 Nxd5 5. Bb5+ Bd7 6. Qe2 Nxc3 7. dxc3 e6 8. O-O Bxb5 9. Qxb5+ Qd7 10. Qe2 Nc6 11.
Bf4 Be7 12. Rad1 Qc8 13. Rd2 O-O 14. Rfd1 Rd8 15. Rxd8+ Bxd8 16. Qb5 Bb6 17. b4 cxb4 18. cxb4 Ne7 19. c4 Qc6 20. Qxc6 Nxc6 21. c5 Bd8 22. b5 Nb4 23. a4 Nd5 24. Bd6 Rc8 25. Ne5 Nc3 26.
Ra1 Ne4 27. f3 Nxc5 28. Rc1 b6 29. Nc6 Bf6 30. Bxc5 bxc5 31. Kf1 Kf8 32. Rxc5 Ke8 33. a5 Bd8 34. Rc4 Kd7 35. Ne5+ Kd6 36. Rxc8 Kxe5 37. Rxd8 1-0

[Event "Late-Titled-Tuesday-Blitz-June-18-2024"]
[Site "Chess.com"]
[Date "2024.06.18"]
[Round "9"]
[White "Journey_to_GrandMaster_YT"]
[Black "amylazy"]
[Result "1-0"]
[WhiteElo "2632"]
[BlackElo "2492"]
[TimeControl "180+1"]
[EndTime "15:45:47 PDT"]
[Termination "Journey_to_GrandMaster_YT won by resignation"]

1. d4 Nf6 2. Nf3 g6 3. g3 Bg7 4. Bg2 O-O 5. O-O d5 6. a4 c6 7. a5 Na6 8. Bf4 Bf5 9. Nbd2 Nc7 10. c3 Ne6 11. Be5 Be4 12. Qb3 Qd7 13. Nxe4 Nxe4 14. Bxg7 Nxg7 15. Ne5 Qc7 16. Bxe4 dxe4 17. Qc4 a6 18. f3 e3 19. Ra4 Nf5 20. f4 Kg7 21. Qd3 h5 22. Nc4 c5 23. Nxe3 Nxe3 24. Qxe3 c4 25.
Qe5+ Qxe5 26. fxe5 Rfc8 27. Rb4 Rc7 28. Kf2 Rd8 29.
Ke3 Rd5 30. Ra1 f6 31. Ke4 Rd8 32. Raa4 fxe5 33. Kxe5 Rdc8 34. Rb6 Rf8 35. Rab4 Rf5+ 36. Ke4 Rxa5 37. Rxb7 Rxb7 38. Rxb7 Kf7 39. d5 Kf6 40. Kd4 Ra1 41. e4 Rh1 42. e5+ Kg5 43. Rxe7 Rxh2 44. Rb7 Rd2+ 45. Kxc4 Kg4 46. e6 Kxg3 47. e7 Re2 48. d6 h4 49. Rb8 h3 50. e8=Q 1-0

[Event "Late-Titled-Tuesday-Blitz-June-18-2024"]
[Site "Chess.com"]
[Date "2024.06.18"]
[Round "9"]
[White "ameetghasi100"]
[Black "rasmussvane"]
[Result "0-1"]
[WhiteElo "2746"]
[BlackElo "2976"]
[TimeControl "180+1"]
[EndTime "15:45:49 PDT"]
[Termination "rasmussvane won on time"]

1. b3 d5 2. Bb2 Nf6 3. d3 Nc6 4. Nd2 e5 5. a3 a5 6. e3 Bd6 7. h3 Be6 8. Ne2 Ne7 9. g3 Ng6 10. Bg2 c6 11. c4 Qd7 12. Qc2 O-O 13. Nf3 h6 14. d4 e4 15. Ne5 Qe7 16. Nf4 Nxf4 17.
gxf4 Bf5 18. Bf1 Rfc8 19. c5 Bc7 20. Be2 Kh7 21. Kd2 Rg8 22. h4 h5 23. Rag1 g6 24.
Qd1 Qe6 25. Rg5 Rab8 26. Rhg1 Bxe5 27. dxe5 Ng4 28. Bxg4 Bxg4 29. R1xg4 hxg4 30. Bd4 b6 31. cxb6 c5 32. Bxc5 Rgc8 33. b4 axb4 34. axb4 Rxb6 35. Bxb6 Qxb6 36. Qb3 Qb5 37. h5 Qf1 38. hxg6+ fxg6 39. Qxd5 Qc1+ 40. Ke2 Rc2+ 0-1

[Event "Late-Titled-Tuesday-Blitz-June-18-2024"]
[Site "Chess.com"]
[Date "2024.06.18"]
[Round "9"]
[White "santosalberto1987"]
[Black "NigelDwarf"]
[Result "1-0"]
[WhiteElo "2570"]
[BlackElo "2435"]
[TimeControl "180+1"]
[EndTime "15:45:50 PDT"]
[Termination "santosalberto1987 won by resignation"]

1. e4 c5 2. Nf3 d6 3. Bb5+ Nd7 4. d4 cxd4 5. Qxd4 Nf6 6. Nc3 g6 7. Bg5 Bg7 8. O-O-O O-O 9. Qd2 Qa5 10. Kb1 Nxe4 11. Nxe4 Qxb5 12. Nc3 Qa5 13. Bxe7 Re8 14. Bxd6 Nb6 15.
Nd4 Nc4 16. Qf4 Re6 17. Nb3 Qa6 18. Nc5 Qc6 19. Qxc4 Rxd6 20. Rxd6 Qxd6 21. Rd1 Qf6 22. N5e4 Qe7 23. Nd5 Qe5 24. c3 Bf5 25. f3 h6 26.
Ne3 Be6 27. Qd4 Qa5 28. Qb4 Qxa2+ 29. Kc2 Rc8 30. Nc5 Rxc5 31. Qxc5 Bb3+ 32. Kc1 Qa1+ 33. Kd2 Qxb2+ 34. Ke1 Bxc3+ 35. Kf1 Bxd1 36. Nxd1 Bd4 37. Qc8+ Kg7 38. Nxb2 Bxb2 39. Qxb7 1-0

[Event "Late-Titled-Tuesday-Blitz-June-18-2024"]
[Site "Chess.com"]
[Date "2024.06.18"]
[Round "9"]
[White "jcibarra"]
[Black "Bryanl106"]
[Result "1-0"]
[WhiteElo "3000"]
[BlackElo "2746"]
[TimeControl "180+1"]
[EndTime "15:45:53 PDT"]
[Termination "jcibarra won by resignation"]

1. e4 e5 2. Nf3 Nc6 3. Bb5 a6 4.
Bxc6 dxc6 5. O-O Qf6 6. d4 exd4 7.
Bg5 Qd6 8. Nxd4 Be7 9. Be3 c5 10.
Nb3 Qxd1 11. Rxd1 b6 12. Bf4 Ra7 13. Nc3 c6 14. Na4 Rb7 15. Bd6 Nf6 16. f3 Be6 17.
Rd2 c4 18. Bxe7 Kxe7 19. Nd4 Bd7 20. Nc3 c5 21. e5 cxd4 22. exf6+ Kxf6 23. Rxd4 Be6 24. Rad1 Ke7 25. Ne4 h6 26. Kf2 Rc7 27.
Rd6 Rb8 28. g4 a5 29. Ke3 Rcc8 30. h3 Rc7 31. R1d4 Rcc8 32. f4 f5 33. Ng3 fxg4 34.
f5 Bf7 35. Rd7+ Kf8 36. hxg4 Re8+ 37. Ne4 Re7 38. Kf4 Be8 39. Rxe7 Kxe7 40. Rxc4 Kd8 41. Ke5 b5 42. Rc5 Ke7 43. Rc7+ Bd7 44. Nc5 Rd8 45. c3 b4 46. cxb4 axb4 47. a4 bxa3 48. bxa3 1-0

[Event "Late-Titled-Tuesday-Blitz-June-18-2024"]
[Site "Chess.com"]
[Date "2024.06.18"]
[Round "9"]
[White "PhileKhoob"]
[Black "Patolindo"]
[Result "1-0"]
[WhiteElo "2352"]
[BlackElo "2168"]
[TimeControl "180+1"]
[EndTime "15:45:53 PDT"]
[Termination "PhileKhoob won by checkmate"]

1. Nf3 Nf6 2. g3 g6 3. Bg2 Bg7 4. O-O O-O 5. d4 d5 6. b3 c5 7. Bb2 cxd4 8. Nxd4 Nc6 9. Nxc6 bxc6 10. c4 e6 11.
cxd5 cxd5 12. Nd2 Ba6 13. Nf3 Rc8 14. Re1 Qb6 15. Bd4 Qc7 16. Qd2 Ne4 17. Qe3 Bxd4 18. Nxd4 Qe5 19. Rac1 Qg5 20. Bxe4 Qxe3 21. fxe3 dxe4 22.
Nc6 Rc7 23. Rc2 Rfc8 24. Rec1 Kg7 25. Kf2 Bb7 26. Nd4 Rxc2 27. Rxc2 Rxc2 28. Nxc2 e5 29. Na3 Ba6 30. Nc2 Kf6 31. Na3 Ke7 32. b4 Kd6 33. b5 Bb7 34. Nc4+ Kd5 35. Na5 Bc8 36. Nc6 Bd7 37. Nxa7 Kc5 38. a4 Kb6 39. Nc6 Bxc6 40. bxc6 Kxc6 41. Ke1 Kb6 42. Kd2 Ka5 43. Kc3 Kxa4 44.
Kc4 Ka3 45. Kd5 f5 46. Kxe5 Kb3 47. g4 Kc3 48. gxf5 gxf5 49. Kxf5 Kd2 50. Kxe4 Kxe2 51. Kf4 Kf2 52. e4 Kg2 53. e5 Kxh2 54. e6 h5 55. e7 h4 56. e8=Q h3 57. Qe2+ Kg1 58.
Kg3 h2 59. Qe1# 1-0

[Event "Late-Titled-Tuesday-Blitz-June-18-2024"]
[Site "Chess.com"]
[Date "2024.06.18"]
[Round "9"]
[White "Crazy_girl99"]
[Black "Mysterio47"]
[Result "1-0"]
[WhiteElo "2660"]
[BlackElo "2831"]
[TimeControl "180+1"]
[EndTime "15:45:58 PDT"]
[Termination "Crazy_girl99 won by resignation"]

1. e4 d6 2. d4 Nf6 3. Nc3 e6 4. f4 Nc6 5. Nf3 d5 6. e5 Ne4 7. Bd3 Bb4 8. Bd2 Bxc3 9. bxc3 Ne7 10. Qe2 b6 11. O-O Bb7 12. Be1 Qd7 13. a4 h5 14.
a5 Nf5 15. g3 Kf8 16. Ng5 Nxg5 17. fxg5 g6 18. h3 c5 19. g4 hxg4 20. hxg4 c4 21.
gxf5 cxd3 22. cxd3 gxf5 23. Kg2 Kg7 24. Bd2 Rh4 25.
Rh1 Rah8 26. Rxh4 Rxh4 27. Rh1 Rxh1 28. Kxh1 Qe8 29. axb6 axb6 30. Qh5 Qh8 31. Qh6+ Qxh6+ 32. gxh6+ Kg6 33. Kg2 Ba6 34. Bf4 Bxd3 35. Kg3 Bb5 36. Kh4 Be8 37. Kg3 f6 38. exf6 Kxf6 39. Kh4 Kg6 40. Be3 b5 41. Bf4 Bf7 42. Kg3 e5 43. dxe5 d4 44. cxd4 b4 45. Bc1 b3 46. Kf4 Bd5 47. h7 Kxh7 48. Kxf5 Kg7 49. e6 Kf8 50. Ke5 Bc4 51. d5 Ke8 52. d6 Bb5 53. Kd5 Ba4 54.
Kc5 Kd8 55. Kb4 Bd7 56. exd7 Kxd7 57. Kc5 1-0

[Event "Late-Titled-Tuesday-Blitz-June-18-2024"]
[Site "Chess.com"]
[Date "2024.06.18"]
[Round "9"]
[White "RebecaJimnz"]
[Black "NovakRatko"]
[Result "1/2-1/2"]
[WhiteElo "2292"]
[BlackElo "2406"]
[TimeControl "180+1"]
[EndTime "15:45:58 PDT"]
[Termination "Game drawn by repetition"]

1. e4 d5 2. exd5 c6 3. dxc6 Nxc6 4. Nf3 e5 5. d3 Bc5 6. Be2 f5 7. O-O Nf6 8. Nc3 O-O 9. Be3 Bxe3 10. fxe3 Qb6 11. Qd2 Qxb2 12. Rab1 Qa3 13. d4 e4 14. Bc4+ Kh8 15. Ng5 Qe7 16. Qf2 h6 17. Nh3 Ng4 18.
Qg3 g5 19. Nd5 Qg7 20. Nf2 Nf6 21. Nxf6 Rxf6 22. d5 Na5 23. Bb5 a6 24. Be2 b5 25.
Qe5 Bd7 26. Nxe4 Rff8 27. Qxg7+ Kxg7 28. Nd6 Rad8 29. Bd3 f4 30. exf4 gxf4 31. Ne4 Bg4 32. h3 Bh5 33. Nc5 Bf7 34. Ne6+ Bxe6 35. dxe6 Rde8 36.
Rbe1 Rf6 37. e7 Rf7 38. Re6 Rexe7 39. Rxa6 Nc4 40. Bxc4 bxc4 41. Rc6 Re4 42. Kf2 Ra7 43.
Re1 Rxe1 44. Kxe1 Ra4 45. Kd2 h5 46. Kc3 Rxa2 47. Rxc4 f3 48. gxf3 Ra3+ 49. Kd2 Rxf3 50. Rh4 Kg6 51. c4 Kg5 52. Rd4 Rxh3 53. Rd3 Rh4 54.
Kc3 Rh1 55. Rd5+ Kg4 56. Rd4+ Kg5 57. Rd5+ Kg4 58. Rd4+ Kg5 59. Rd5+ 1/2-1/2

[Event "Late-Titled-Tuesday-Blitz-June-18-2024"]
[Site "Chess.com"]
[Date "2024.06.18"]
[Round "9"]
[White "ChessLover0108"]
[Black "Evan_Attaker"]
[Result "0-1"]
[WhiteElo "2928"]
[BlackElo "2766"]
[TimeControl "180+1"]
[EndTime "15:45:59 PDT"]
[Termination "Evan_Attaker won on time"]

1. d4 c5 2. d5 d6 3. c4 g6 4. Nc3 Bg7 5. e4 Nf6 6. h3 O-O 7.
Bd3 Na6 8. Nf3 Rb8 9. O-O Nc7 10. Re1 a6 11. e5 Nfe8 12. a4 Bd7 13. a5 b5 14.
axb6 Rxb6 15. Qc2 e6 16. Bf4 exd5 17. cxd5 Bb5 18. exd6 Nxd6 19. Nxb5 Ndxb5 20. Qxc5 Nxd5 21. Bg3 Bxb2 22. Rad1 Ndc3 23. Bxb5 Nxd1 24. Be2 Nc3 25. Bc7 Nxe2+ 26. Rxe2 Rb5 27. Qc6 Qd1+ 28. Re1 Qd5 29.
Qxa6 Ra8 30. Qd6 Qxd6 31. Bxd6 Ra1 32. Rxa1 Bxa1 33. g4 Rd5 34. Bg3 Rd3 35. Kg2 h6 36. Ne1 Rb3 37. Nf3 Bf6 38. Bf4 Kg7 39. Be3 Rb5 40. Nd2 h5 41. Nf3 hxg4 42. hxg4 Rb4 43. Kg3 Ra4 44. Nd2 Bc3 45. Nf3 f6 46. Ng1 g5 47.
Kf3 Kf7 48. Ne2 Be5 49. Nc1 Ra3 50. Ne2 Ke6 51. Kg2 Kd5 52. Bc1 Ra2 53. Kf3 Bd4 0-1

[Event "Late-Titled-Tuesday-Blitz-June-18-2024"]
[Site "Chess.com"]
[Date "2024.06.18"]
[Round "9"]
[White "EternalNight8"]
[Black "Cuchulin"]
[Result "1-0"]
[WhiteElo "2403"]
[BlackElo "2275"]
[TimeControl "180+1"]
[EndTime "15:46:00 PDT"]
[Termination "EternalNight8 won by resignation"]

1. e4 c5 2. Nf3 Nc6 3. Bb5 g6 4. Bxc6 bxc6 5. O-O Bg7 6. c3 d5 7. e5 Bg4 8. Re1 Bxf3 9. Qxf3 e6 10. d3 Ne7 11. Bg5 Qc7 12. Bf6 O-O 13. Bxg7 Kxg7 14. Qf6+ Kg8 15. Nd2 Rab8 16. b3 Nf5 17.
Nf3 Qe7 18. g4 Qxf6 19. exf6 Nd6 20. Ne5 Rfc8 21. Nd7 Rb5 22. c4 Ra5 23. Re2 Ne8 24. g5 Nd6 25. Rc1 Nf5 26. cxd5 cxd5 27. Rec2 h6 28. gxh6 Nxh6 29. Rxc5 Raxc5 30. Rxc5 Rxc5 31.
Nxc5 Ng4 32. Nd7 e5 33. h3 Nh6 34. Nxe5 Kf8 35. Nc6 a6 36. Nb4 Ke8 37. Nxa6 Ng8 38. Nc7+ Kd7 39. Nxd5 Kd6 40. Ne3 Nxf6 41. b4 Nd7 42. a4 Nb6 43. Nc4+ Kc6 44. Nxb6 Kxb6 45. Kg2 1-0

[Event "Late-Titled-Tuesday-Blitz-June-18-2024"]
[Site "Chess.com"]
[Date "2024.06.18"]
[Round "9"]
[White "Finejupiter"]
[Black "CombativeWombat"]
[Result "0-1"]
[WhiteElo "2097"]
[BlackElo "2291"]
[TimeControl "180+1"]
[EndTime "15:46:00 PDT"]
[Termination "CombativeWombat won on time"]

1. e4 e5 2. Nf3 Nc6 3. d4 exd4 4. Nxd4 Bc5 5. Nb3 Bb6 6. Nc3 Nf6 7. Qe2 O-O 8. Be3 Re8 9. f3 d6 10. O-O-O Be6 11.
Kb1 Nd7 12. g4 a5 13. Nd4 a4 14. a3 Ba5 15. Ncb5 Nce5 16. Nxe6 fxe6 17. f4 Nf7 18. h4 d5 19. e5 c6 20. Nd4 c5 21. Nb5 Nb6 22.
Bxc5 Rc8 23. Bd4 Nc4 24. Qf2 Qd7 25. Bxc4 Rxc4 26. Nc3 Rec8 27. Rh3 b5 28. f5 b4 29.
axb4 Bxb4 30. fxe6 Qxe6 31. Rf3 a3 32. b3 Rxc3 33. Bxc3 Bxc3 34. Qa7 Bb2 35. Rdf1 Nxe5 36. Rf5 h6 37. g5 Nd3 38. cxd3 Qxf5 0-1

[Event "Late-Titled-Tuesday-Blitz-June-18-2024"]
[Site "Chess.com"]
[Date "2024.06.18"]
[Round "9"]
[White "Chaubunagungamaug1"]
[Black "th3d4rkness"]
[Result "0-1"]
[WhiteElo "2467"]
[BlackElo "2251"]
[TimeControl "180+1"]
[EndTime "15:46:02 PDT"]
[Termination "th3d4rkness won by resignation"]

1. e4 c5 2. Nf3 Nc6 3. Bb5 g6 4.
O-O Bg7 5. Bxc6 bxc6 6. d3 e5 7.
Nc3 d6 8. Be3 Nh6 9. h3 f6 10.
Nd2 Nf7 11. Qe2 O-O 12. f4 Qe7 13. Qf2 Be6 14. f5 gxf5 15. exf5 Bd5 16. Nde4 c4 17. g4 cxd3 18. cxd3 Bh6 19. Bxh6 Nxh6 20. Qe3 Nf7 21. Kh2 Kh8 22. Rg1 Rg8 23. Raf1 Rab8 24. b3 Bxe4 25. dxe4 Rb4 26. h4 Rd4 27. Ne2 Rb4 28. Nc3 Rd4 29.
Kh3 d5 30. exd5 cxd5 31. Ne2 Re4 32. Qf3 Qc5 33. Rg3 Qc2 34. Rf2 Qc5 35. Rfg2 Nd6 36. g5 d4 37. gxf6 Rxg3+ 38. Qxg3 Re3 39. f7 Nxf7 40.
f6 Rxg3+ 41. Nxg3 d3 42. Nh5 Qc8+ 43. Kh2 Qf5 44. Ng3 Qf4 45. Kh3 d2 46. Rg1 e4 47.
Rf1 Qxf1+ 48. Nxf1 0-1

[Event "Late-Titled-Tuesday-Blitz-June-18-2024"]
[Site "Chess.com"]
[Date "2024.06.18"]
[Round "9"]
[White "Grischuk"]
[Black "wonderfultime"]
[Result "0-1"]
[WhiteElo "3124"]
[BlackElo "3051"]
[TimeControl "180+1"]
[EndTime "15:46:03 PDT"]
[Termination "wonderfultime won by resignation"]

1. d4 d5 2. c4 c6 3. Nf3 Nf6 4. cxd5 cxd5 5. Nc3 Nc6 6. Bf4 a6 7. Qb3 e6 8. e3 Bd6 9. Bg5 h6 10. Bh4 Be7 11. Bd3 O-O 12. O-O b5 13. Rfc1 Bb7 14. a4 Na5 15. Qd1 b4 16. Nb1 Ne4 17. Bxe7 Qxe7 18.
Nbd2 Rfc8 19. Rxc8+ Rxc8 20. Rc1 Qe8 21. Rxc8 Qxc8 22. h4 g6 23. Ne5 Kg7 24. f3 Nd6 25. Qe1 Nac4 26. b3 Nxe5 27. dxe5 Nf5 28. Bxf5 gxf5 29. Qg3+ Kh7 30. Qf4 Qc1+ 31. Nf1 a5 32.
Kf2 Qc2+ 33. Kg1 Qb1 34. Kf2 Qb2+ 35. Kg1 Qxb3 36. Qd4 Qc2 37. Qa7 Qc7 38. Nd2 Kg7 39.
Nb3 Qc3 40. Nxa5 b3 41. Qxb7 b2 42. Qc6 b1=Q+ 43. Kh2 Qxe5+ 0-1